[Event "*** SCC Grand Prix: Titled Tuesday Blitz"]
[Site "Chess.com"]
[Date "2020.07.07"]
[Round "6"]
[White "Rodalquilar"]
[Black "Semetey"]
[Result "1-0"]
[WhiteElo "2624"]
[BlackElo "2467"]
[TimeControl "180+1"]
[EndTime "11:06:51 PDT"]
[Termination "Rodalquilar won on time"]

1. d4 Nf6 2. Bf4 d5 3. e3 c5 4. Nf3 Qb6 5. Nc3 cxd4 6. Nb5 Na6 7. exd4 Bd7 8. a4 e6 9. c3 Be7 10. Bd3 O-O 11. O-O Rfc8 12. Re1 Bxb5 13. axb5 Nc7 14. Qe2 a6 15. bxa6 Nxa6 16. Ne5 Nc7 17. g4 Nce8 18. g5 Rxa1 19. Rxa1 Ne4 20. h4 N4d6 21. Re1 Ra8 22. Bb1 Ra1 23. Bxh7+ Kxh7 24. Rxa1 Nc7 25. Nxf7 Nxf7 26.
Qh5+ Kg8 27. g6 Qxb2 28. gxf7+ Kf8 29. Rf1 Nb5 30. Bg5 Nxc3 31. Qg6 Bxg5 32. hxg5 Ne2+ 33.
Kh2 Qxd4 34. f4 Qe3 35. Qh5 Qg3+ 36. Kh1 Nxf4 37. Qh2 Qxh2+ 38. Kxh2 e5 39. Rb1 1-0

[Event "*** SCC Grand Prix: Titled Tuesday Blitz"]
[Site "Chess.com"]
[Date "2020.07.07"]
[Round "6"]
[White "QuintilianoR"]
[Black "Durarbayli"]
[Result "0-1"]
[WhiteElo "2659"]
[BlackElo "2809"]
[TimeControl "180+1"]
[EndTime "11:06:52 PDT"]
[Termination "Durarbayli won by resignation"]

1. Nf3 Nf6 2. c4 b6 3. Nc3 Bb7 4. g3 c5 5. Bg2 e6 6. O-O Be7 7. d4 cxd4 8. Qxd4 d6 9. Bg5 h6 10. Bxf6 Bxf6 11. Qf4 Bxc3 12. bxc3 g5 13. Qe3 Qc7 14.
Rfd1 Nd7 15. Nd4 Bxg2 16. Nb5 Qc6 17. Rxd6 Qb7 18. Rxe6+ fxe6 19. Nd6+ Ke7 20. Nxb7 Bxb7 21. a4 Rad8 22. a5 Nc5 23. axb6 axb6 24. Qe5 Kd7 25. Rb1 Kc6 26. f3 Ba6 27. Rb4 Rd1+ 28. Kf2 Rhd8 29. Rb2 Bxc4 30. Qf6 R8d2 31. Rxd2 Rxd2 32.
Qxh6 Rxe2+ 33. Kg1 Re1+ 34. Kf2 Re2+ 35. Kg1 Re3 36.
Kf2 Rxc3 37. Qxg5 b5 38. Qd8 b4 39. Qc8+ Kb5 40. Qb8+ Kc6 41. Qc8+ Kb5 42. Qb8+ Ka4 43. Qa7+ Ba6 44. h4 b3 45. Qb6 Bb5 46. h5 b2 47.
Qa7+ Kb3 0-1

[Event "*** SCC Grand Prix: Titled Tuesday Blitz"]
[Site "Chess.com"]
[Date "2020.07.07"]
[Round "6"]
[White "timator"]
[Black "StephenDedalus83"]
[Result "0-1"]
[WhiteElo "2629"]
[BlackElo "2808"]
[TimeControl "180+1"]
[EndTime "11:06:52 PDT"]
[Termination "StephenDedalus83 won by resignation"]

1. d4 Nf6 2. Nf3 g6 3. g3 Bg7 4.
Bg2 O-O 5. O-O d6 6. b3 c5 7. c4 cxd4 8. Nxd4 d5 9. cxd5 Nxd5 10. Bb2 Nb4 11. Na3 Qa5 12. e3 Rd8 13. Nc4 Qa6 14. Qe2 e5 15. Nc2 Nxc2 16. Qxc2 Nc6 17. a3 Bf5 18. Be4 Bxe4 19. Qxe4 Qb5 20. b4 Rac8 21. Rac1 f6 22. g4 Qd5 23. Qxd5+ Rxd5 24. b5 Ne7 25. a4 Rd3 26. Ba1 Rcd8 27. Kg2 R8d7 28. a5 R3d5 29. Rb1 Kf7 30. b6 a6 31. Rfc1 Nc6 32. Bb2 Nxa5 33. Nxa5 Rxa5 34. Rc7 Rd5 35. Rbc1 Bf8 36. Rc8 Bd6 37. h4 Rb5 38. Ba1 Rxb6 39.
g5 fxg5 40. hxg5 Rb5 41. Rh1 Ke6 42. Rh8 e4 43. Bf6 h5 44. gxh6 Kxf6 45. Rg8 Rh7 46. Rh4 Rh5 47. Rxe4 R5xh6 48. Rge8 Re7 49. Rf4+ Bxf4 0-1

[Event "*** SCC Grand Prix: Titled Tuesday Blitz"]
[Site "Chess.com"]
[Date "2020.07.07"]
[Round "6"]
[White "FMKonstantin_Twitch"]
[Black "Oneofmyturns"]
[Result "0-1"]
[WhiteElo "2570"]
[BlackElo "2722"]
[TimeControl "180+1"]
[EndTime "11:06:52 PDT"]
[Termination "Oneofmyturns won on time"]

1. Nf3 d5 2. g3 Nf6 3. Bg2 c5 4. O-O e6 5. c4 d4 6. d3 Nc6 7. a3 a5 8. e3 Be7 9. exd4 cxd4 10. Re1 Nd7 11. Nbd2 O-O 12. Ne4 h6 13. g4 f5 14.
gxf5 exf5 15. Ng3 Bd6 16. b3 Nde5 17. Nxe5 Nxe5 18. Bf4 Qc7 19. c5 Nf3+ 20. Qxf3 Bxf4 21. Qd5+ Kh8 22. Qxd4 Rd8 23. Qc3 Bg5 24. d4 Ra6 25.
Rad1 Rg6 26. Qf3 Bf6 27. Nh5 Bxd4 28. Nf4 Rg4 29. Ne6 Bxe6 30. Rxe6 Qxc5 31. h3 Bxf2+ 32. Kh1 Rgd4 33. Rxd4 Rxd4 34. Re8+ Kh7 35. Bf1 Rd2 36. Re2 Rxe2 37. Bxe2 Bd4 38. Kg2 b6 39. Bd3 g6 40.
Qb7+ Bg7 41. Bc4 Qxa3 0-1

[Event "*** SCC Grand Prix: Titled Tuesday Blitz"]
[Site "Chess.com"]
[Date "2020.07.07"]
[Round "6"]
[White "WIDBIFS"]
[Black "Artyom_ChessMate"]
[Result "1-0"]
[WhiteElo "2793"]
[BlackElo "2508"]
[TimeControl "180+1"]
[EndTime "11:06:52 PDT"]
[Termination "WIDBIFS won by resignation"]

1. d4 d5 2. Nf3 Nf6 3. Bf4 c5 4. e3 Nc6 5. Nbd2 Qb6 6. dxc5 Qxc5 7. a3 g6 8. Rc1 Bg7 9. c4 O-O 10. b4 Qb6 11. Be2 a6 12. O-O dxc4 13. Nxc4 Qa7 14. Nfe5 Nxe5 15. Bxe5 b6 16. Bd4 Nd7 17. Bf3 Rb8 18.
Na5 Bb7 19. Nxb7 Rxb7 20. Bxg7 Kxg7 21. Qd4+ Nf6 22. Bxb7 Qxb7 23. Rfd1 b5 24. h3 h5 25.
Qe5 Re8 26. Rd4 Qb6 27. Qc5 Qe6 28. Qc6 Qf5 29. Rf4 Qe5 30. Qxa6 Qb2 31. Rf1 Rb8 32.
Qa7 Re8 33. g4 hxg4 34. hxg4 Qa2 35. Qd4 g5 36. Rf5 Kg6 37. Rxb5 e5 38. Rxe5 Rxe5 39. Qxe5 Qc2 40. Qf5+ Qxf5 41. gxf5+ Kxf5 42. b5 Nd5 43. Rd1 Ke4 44. Rxd5 Kxd5 45. a4 Kc5 46. Kg2 Kb6 47. Kg3 Ka5 48. Kg4 Kxa4 49. b6 Kb5 50. b7 Kc6 51.
b8=Q Kd5 52. Qd8+ 1-0

[Event "*** SCC Grand Prix: Titled Tuesday Blitz"]
[Site "Chess.com"]
[Date "2020.07.07"]
[Round "6"]
[White "AndrewDGreen"]
[Black "SilviusTiberius"]
[Result "1-0"]
[WhiteElo "2351"]
[BlackElo "2479"]
[TimeControl "180+1"]
[EndTime "11:06:52 PDT"]
[Termination "AndrewDGreen won by resignation"]

1. d4 Nf6 2. Nf3 g6 3. Nc3 d5 4. Bf4 Bg7 5. e3 O-O 6. Be2 c5 7. O-O Nc6 8. dxc5 Bg4 9. Nb5 Bxf3 10. Bxf3 e5 11. Bg5 Qa5 12. Nc3 e4 13. Bxf6 Bxf6 14. Nxd5 Bxb2 15. Rb1 exf3 16. Rxb2 fxg2 17. Re1 Qxc5 18. Rxb7 Rad8 19. Nf6+ Kg7 20. Qa1 Qe5 21. Nd7 Qxa1 22. Rxa1 Rfe8 23. Kxg2 Re7 24. Nc5 Rxb7 25. Nxb7 Rd2 26. c4 Nb4 27. a3 Nd3 28. Rf1 Rc2 29. c5 Nxc5 30. Nxc5 Rxc5 31. Rb1 Rc3 32. a4 Ra3 33. Rb4 a5 34. Rc4 h5 35. h4 Kf6 36.
Kf3 Ra2 37. Rd4 Ke5 38. Kg3 f6 39.
Kf3 g5 40. Kg3 g4 41. Rf4 f5 42. Rd4 Ra1 43. Rc4 Kd5 44. Rf4 Ke6 45. Rc4 Ra2 46. Rd4 Ke5 47. Rc4 Kd6 48. Rf4 Ke6 49. Rc4 Ra1 50.
Rd4 Rg1+ 51. Kh2 Rf1 52. Kg2 Rh1 53. Kxh1 f4 54. Rxf4 1-0

[Event "*** SCC Grand Prix: Titled Tuesday Blitz"]
[Site "Chess.com"]
[Date "2020.07.07"]
[Round "6"]
[White "Veiso"]
[Black "Juanovic"]
[Result "1-0"]
[WhiteElo "2383"]
[BlackElo "2081"]
[TimeControl "180+1"]
[EndTime "11:06:52 PDT"]
[Termination "Veiso won by resignation"]

1. d4 d5 2. c4 c6 3. Nf3 Nf6 4. Qc2 a6 5. g3 g6 6. Bg2 Bf5 7. Qb3 b5 8. c5 Nbd7 9. Bf4 Bg7 10. Nc3 O-O 11. O-O Ne4 12. Rfd1 a5 13. a4 b4 14. Nxe4 Bxe4 15. Bh3 Bxf3 16. exf3 e5 17.
Bxd7 Qxd7 18. Bxe5 Bxe5 19. dxe5 Qe7 20. Qe3 Rfe8 21.
f4 f6 22. Re1 Kf7 23. Qd4 f5 24. e6+ Kg8 25. Re5 Ra7 26. Rae1 Qg7 27. f3 Rae7 28. Kh1 Qf6 29. Qe3 h5 30. Qe2 Kg7 31. Kg2 b3 32.
Qe3 Rb8 33. Qc3 Rb4 34. R1e2 d4 35. Qd3 Qf8 36. h3 Qd8 37. g4 hxg4 38. fxg4 fxg4 39.
hxg4 Qh8 40. Rg5 Qh6 41. Re1 Kf6 42. Qe4 Rxe6 43. Qxe6+ 1-0

[Event "*** SCC Grand Prix: Titled Tuesday Blitz"]
[Site "Chess.com"]
[Date "2020.07.07"]
[Round "6"]
[White "alfiefischer77"]
[Black "MestreSoares"]
[Result "1/2-1/2"]
[WhiteElo "2300"]
[BlackElo "2125"]
[TimeControl "180+1"]
[EndTime "11:06:52 PDT"]
[Termination "Game drawn by repetition"]

1. e4 Nf6 2. e5 Nd5 3. c4 Nb6 4. d4 d6 5. exd6 exd6 6. h3 Bf5 7. Nf3 Be7 8. Bd3 Bxd3 9. Qxd3 Nc6 10. O-O O-O 11.
Nc3 Bf6 12. b3 Re8 13. Bf4 g6 14. Rfe1 Qd7 15. Ne4 Bg7 16. d5 Ne5 17. Nxe5 dxe5 18. Bg5 f5 19. Nf6+ Bxf6 20. Bxf6 e4 21. Qc3 Qf7 22. Bd4 Nd7 23. Rad1 a6 24. Re2 Rac8 25. Red2 h5 26. b4 Kh7 27. c5 Nb8 28. Be5 Nd7 29.
Bd4 Nb8 30. a3 c6 31. d6 Nd7 32. a4 Ra8 33. Rb2 Reb8 34. Rdb1 f4 35. b5 f3 36.
bxc6 bxc6 37. Rb7 fxg2 38. Kxg2 Rxb7 39. Rxb7 Rb8 40. Rxb8 Nxb8 41. Qe3 Qf5 42. f3 exf3+ 43. Qxf3 Qxf3+ 44. Kxf3 Nd7 45. Ke4 Kg8 46. Be3 Kf7 47. Bd4 Ke6 48. Be3 Kf6 49. Bd4+ Ke6 50. Be3 Kf6 51. Bd4+ Ke6 1/2-1/2

[Event "*** SCC Grand Prix: Titled Tuesday Blitz"]
[Site "Chess.com"]
[Date "2020.07.07"]
[Round "6"]
[White "suyu28"]
[Black "SavelievAlexei"]
[Result "1-0"]
[WhiteElo "2579"]
[BlackElo "2393"]
[TimeControl "180+1"]
[EndTime "11:06:54 PDT"]
[Termination "suyu28 won by checkmate"]

1. e4 d6 2. d4 Nf6 3. Nc3 e5 4.
Nf3 Nbd7 5. Bc4 Be7 6. O-O O-O 7. a4 c6 8. Ba2 b6 9. Re1 a6 10. Qd3 Qc7 11. Ne2 Bb7 12. Ng3 exd4 13. Nf5 Ne5 14.
Qxd4 Nxf3+ 15. gxf3 d5 16. exd5 Bc5 17. Qh4 Nxd5 18. Bxd5 cxd5 19. Bf4 Qc6 20. b4 Qg6+ 21. Ng3 Bxb4 22. Re5 h6 23. Kh1 Bd6 24. Rg1 Bxe5 25. Bxe5 f6 26. Bd4 Rf7 27. Nh5 Qf5 28. Rg3 Raf8 29.
f4 g5 30. Rg4 Kh7 31. Qg3 Qe4+ 32. Kg1 Qxd4 33. fxg5 Qd1+ 34. Kg2 d4+ 35. Kh3 Qe2 36. g6+ Kh8 37. gxf7 Qf1+ 38. Kh4 Rxf7 39. Rg8+ Kh7 40. Qg6# 1-0

[Event "*** SCC Grand Prix: Titled Tuesday Blitz"]
[Site "Chess.com"]
[Date "2020.07.07"]
[Round "6"]
[White "ShahMatKanal"]
[Black "Ceejay271"]
[Result "1-0"]
[WhiteElo "2488"]
[BlackElo "2327"]
[TimeControl "180+1"]
[EndTime "11:06:54 PDT"]
[Termination "ShahMatKanal won by resignation"]

1. d4 Nf6 2. c4 e6 3. a3 d5 4.
cxd5 exd5 5. Nc3 Be7 6. Bg5 O-O 7. e3 Bf5 8. Bd3 Bxd3 9. Qxd3 c6 10. Nge2 Nbd7 11. O-O Re8 12. Ng3 h6 13. Bxf6 Nxf6 14. b4 a6 15. Rab1 Bf8 16. Na4 g6 17. Nc5 Qc7 18. Rfc1 Kg7 19. a4 Bxc5 20. bxc5 Ne4 21. Rb6 Nxg3 22. hxg3 Re7 23. Rcb1 Ra7 24. Kf1 h5 25. Ke2 Qc8 26. Kd2 Qg4 27. Qe2 Qf5 28. Qf3 Qc8 29. Qf4 Qe6 30. Qb8 Qf5 31. Ke1 Qd3 32.
R6b3 Qxd4 33. Qxa7 Qxa4 34. Qb6 d4 35. Qb4 Qa2 36.
Qxd4+ Kh7 37. Qd2 Qa4 38. Qc2 h4 39. gxh4 Qxh4 40. Rb4 Qh1+ 41. Ke2 Qxg2 42. Rf4 f5 43. Rbb4 Kg8 44. Qc3 Qd5 45. Rbd4 Qe5 46. Rd8+ Kf7 47. Qxe5 Rxe5 48. Rd7+ Ke6 49. Rxb7 Rxc5 50. Rb6 a5 51. Ra6 g5 52. Ra4 Rc2+ 53. Kf1 Rc1+ 54. Kg2 f4 55.
exf4 gxf4 56. Rxf4 Rc5 57. Ra4 Kd6 58. R6xa5 1-0

[Event "*** SCC Grand Prix: Titled Tuesday Blitz"]
[Site "Chess.com"]
[Date "2020.07.07"]
[Round "6"]
[White "Vandros57"]
[Black "WilliamSchill"]
[Result "0-1"]
[WhiteElo "2096"]
[BlackElo "1973"]
[TimeControl "180+1"]
[EndTime "11:06:54 PDT"]
[Termination "WilliamSchill won on time"]

1. d4 Nf6 2. Nf3 g6 3. c4 Bg7 4.
Nc3 O-O 5. e4 d6 6. Be2 e5 7. dxe5 dxe5 8. Qxd8 Rxd8 9. Bg5 Re8 10. O-O-O Na6 11. h3 c6 12. Rd6 Nd7 13. Rhd1 f6 14.
Rxd7 Bxd7 15. Rxd7 fxg5 16. Rxb7 Nc5 17. Rc7 Rec8 18. Rxc8+ Rxc8 19. Nxg5 Bh6 20. h4 Ne6 21.
c5 Nxc5 22. Bc4+ Kg7 23. Kc2 Bxg5 24. hxg5 Kf8 25. f3 Ke7 26. Nd1 Ne6 27. Bxe6 Kxe6 28. Ne3 Rd8 29. Ng4 Rd4 30. b3 a5 31. a3 c5 32. Ne3 a4 33. bxa4 Rxa4 34. Kb3 Rd4 35. Nc4 Rd1 36. a4 Rg1 37. g4 Rf1 38. Nd2 Ra1 39. Nc4 Rf1 40. Nd2 Rf2 41. Kc3 Kd6 42.
Kd3 Kc6 43. Nc4 Rxf3+ 44. Ke2 Rc3 45. Ne3 Ra3 0-1

[Event "*** SCC Grand Prix: Titled Tuesday Blitz"]
[Site "Chess.com"]
[Date "2020.07.07"]
[Round "6"]
[White "BilodeauA"]
[Black "OparinGrigoriy"]
[Result "1-0"]
[WhiteElo "2850"]
[BlackElo "2935"]
[TimeControl "180+1"]
[EndTime "11:06:55 PDT"]
[Termination "BilodeauA won by resignation"]

1. e4 e5 2. Nf3 Nc6 3. Bc4 Nf6 4.
d3 h6 5. c3 g5 6. h4 g4 7. Nh2 Rg8 8. Nf1 d5 9. exd5 Nxd5 10.
Ng3 Be6 11. Nd2 Nf4 12. O-O Bxc4 13. Nxc4 Qxd3 14. Nxe5 Qxd1 15. Rxd1 Nh3+ 16. gxh3 Nxe5 17. Kg2 gxh3+ 18. Kxh3 f6 19. Bf4 Kf7 20. Bxe5 fxe5 21. Rd7+ Ke6 22. Rxc7 Rb8 23. Re1 Bd6 24. Rh7 Rh8 25.
Rxh8 Rxh8 26. Ne4 Be7 27. h5 Rd8 28. Kg4 Rg8+ 29. Kf3 Rf8+ 30. Ke3 Rf5 31. Rh1 Bg5+ 32. Ke2 b6 33. f3 Be7 34. a4 a6 35. Kf2 b5 36. axb5 axb5 37. Kg3 Kd5 38. Rd1+ Ke6 39. Rh1 Kd5 40. b3 Ke6 41. c4 bxc4 42. bxc4 Kd7 43. Ra1 Rxh5 44. Kg4 Rh2 45. Kf5 Rc2 46. Ra7+ Kd8 47. Ke6 Bb4 48. Kd5 Rc1 49. c5 Rd1+ 50.
Ke6 Bxc5 51. Nxc5 Rf1 52. Ne4 Kc8 53. Rf7 h5 54. Kxe5 h4 55. f4 h3 56. Rh7 Rf3 57. Ng5 Re3+ 58. Kf5 Rc3 59. Rxh3 Rc5+ 60. Kg4 Kd7 1-0

[Event "*** SCC Grand Prix: Titled Tuesday Blitz"]
[Site "Chess.com"]
[Date "2020.07.07"]
[Round "6"]
[White "kushagramohan"]
[Black "Fandorine"]
[Result "0-1"]
[WhiteElo "2704"]
[BlackElo "2881"]
[TimeControl "180+1"]
[EndTime "11:06:55 PDT"]
[Termination "Fandorine won by resignation"]

1. e4 e5 2. Nf3 Nc6 3. d4 exd4 4.
Nxd4 Nf6 5. Nxc6 bxc6 6. e5 Qe7 7. Qe2 Nd5 8. c4 Ba6 9. Nd2 g6 10. Nf3 Bg7 11. Bg5 Qb4+ 12. Qd2 Qxd2+ 13. Bxd2 Ne7 14.
O-O-O O-O-O 15. Bd3 h6 16. Bb4 Rhe8 17. Rhe1 d6 18.
exd6 cxd6 19. c5 Bxd3 20. cxd6 Nd5 21. Rxe8 Rxe8 22. Rxd3 Kd7 23. Bc5 Rb8 24. Nd4 a5 25. Rf3 f5 26. g4 Bxd4 27. Bxd4 Rb4 28. Bg7 Rxg4 29. Bxh6 Kxd6 30. Ra3 a4 31. h3 Rc4+ 32. Kd2 Nf6 33. f3 Nd5 34. Bf8+ Ke6 35. Bh6 Rh4 36.
Bg5 Rxh3 37. Rxa4 Rxf3 38. Ra8 Rf2+ 39. Kc1 f4 40. a4 Kf5 41. Bh6 Rh2 42. Bg7 f3 43. a5 Nb4 44. Bd4 Ke4 45. Bc5 Nd3+ 0-1

[Event "*** SCC Grand Prix: Titled Tuesday Blitz"]
[Site "Chess.com"]
[Date "2020.07.07"]
[Round "6"]
[White "Ziachess74"]
[Black "GameOverBro"]
[Result "0-1"]
[WhiteElo "2635"]
[BlackElo "2502"]
[TimeControl "180+1"]
[EndTime "11:06:55 PDT"]
[Termination "GameOverBro won on time"]

1. d4 d6 2. Nf3 Nf6 3. g3 Nbd7 4. Bg2 e5 5. O-O Be7 6. c4 c6 7. Nc3 O-O 8. Qc2 a5 9. Rd1 Qc7 10. b3 Re8 11. Ba3 exd4 12. Nxd4 Nc5 13. Nf5 Bf8 14.
Bb2 g6 15. Nd4 Bg7 16. e3 Bg4 17. Re1 Rad8 18. h3 Bd7 19. Rad1 h5 20. a3 Qc8 21. Kh2 Nh7 22. Nce2 Ng5 23. Ng1 f5 24. h4 Nf7 25.
Nh3 Ne4 26. Nf4 Ne5 27. Kg1 Kh7 28. Bxe4 fxe4 29. Qxe4 Bf5 30. Nxf5 gxf5 31. Qg2 Kh6 32. Bc1 Ng4 33. e4 Kh7 34. Nxh5 Bc3 35. Bd2 Bd4 36. Be3 Bxe3 37. fxe3 Rxe4 38. Qb2 Re5 39. Qd4 Qc7 40. e4 c5 41. Qd3 Rde8 42. Qxd6 Qf7 43. Nf4 fxe4 0-1

[Event "*** SCC Grand Prix: Titled Tuesday Blitz"]
[Site "Chess.com"]
[Date "2020.07.07"]
[Round "6"]
[White "Ermito2020"]
[Black "teacher4chess"]
[Result "1-0"]
[WhiteElo "2446"]
[BlackElo "2017"]
[TimeControl "180+1"]
[EndTime "11:06:55 PDT"]
[Termination "Ermito2020 won by resignation"]

1. e4 d5 2. exd5 Qxd5 3. Nc3 Qa5 4. d4 Nf6 5. Nf3 Bf5 6. Bc4 c6 7. Bd2 e6 8. Nd5 Qd8 9. Nxf6+ gxf6 10. Bb3 Nd7 11. Qe2 Bd6 12. Nh4 Bg6 13. O-O-O Qe7 14. g3 O-O-O 15. Ng2 e5 16. Rhe1 Rhe8 17. Qf3 e4 18. Qe2 f5 19. Nf4 Nf6 20. Qc4 Bxf4 21. Bxf4 Bh5 22. Rd2 Nd5 23. Be3 Nxe3 24. fxe3 Kb8 25.
Rf2 Bg6 26. a4 Rd6 27. Qc5 Red8 28. a5 Qc7 29. Kb1 b6 30. Qb4 c5 31. axb6 cxb4 32. bxc7+ Kxc7 33. Kc1 Rc6 34. Kd2 Rdd6 35. Ra1 Kb6 36.
c4 bxc3+ 37. bxc3 Rd7 38. Ba4 Rdc7 39. Bxc6 Rxc6 40. Rff1 a5 41. Rfb1+ Ka7 42. Rxa5+ Ra6 43. Rxa6+ Kxa6 44. d5 f6 45. d6 Be8 46. c4 Bd7 47. c5 Ka5 48. Rb7 Bc6 49. d7 Bxd7 50.
Rxd7 Kb5 51. Rxh7 Kxc5 52. h4 Kd6 53. h5 Ke6 54. h6 f4 55. gxf4 Kf5 56. Rg7 Ke6 57.
h7 f5 58. h8=Q Kd5 59. Qd8+ 1-0

[Event "*** SCC Grand Prix: Titled Tuesday Blitz"]
[Site "Chess.com"]
[Date "2020.07.07"]
[Round "6"]
[White "giantslayer83"]
[Black "amintabatabaei"]
[Result "0-1"]
[WhiteElo "2724"]
[BlackElo "2931"]
[TimeControl "180+1"]
[EndTime "11:06:56 PDT"]
[Termination "amintabatabaei won by resignation"]

1. d4 Nf6 2. c4 g6 3. Nc3 d5 4.
Nf3 Bg7 5. cxd5 Nxd5 6. e4 Nxc3 7. bxc3 c5 8. Be3 Qa5 9. Qd2 Nc6 10. Rb1 a6 11. Rc1 cxd4 12. cxd4 Qxd2+ 13. Kxd2 e6 14. h4 h6 15. Bd3 O-O 16. a3 Rd8 17. e5 Bd7 18. h5 g5 19. Ke2 f5 20. exf6 Bxf6 21.
Rhd1 Be8 22. g4 Rac8 23. Be4 Kg7 24. d5 exd5 25. Rxd5 Rxd5 26. Bxd5 Bd7 27. Rc4 Ne7 28. Rxc8 Bxc8 29. Be4 Bxg4 30. Bxb7 a5 31. Kf1 Bxh5 32. Nd4 Be8 33. Nb3 a4 34. Nd4 Bd7 35. Kg2 h5 36. Be4 g4 37. Kg1 h4 38. Bc2 Be5 39. Ne2 Kf6 40. Bc5 Nd5 41. Nd4 Nf4 42. Kf1 h3 43. Be4 Kg5 44. Be7+ Kh5 45. Nf5 Bb5+ 46. Ke1 Nd3+ 47.
Kd2 Nxf2 48. Bc2 g3 49. Ke3 h2 50. Nxg3+ Bxg3 0-1

[Event "*** SCC Grand Prix: Titled Tuesday Blitz"]
[Site "Chess.com"]
[Date "2020.07.07"]
[Round "6"]
[White "AliKa2810"]
[Black "chenxiaoyuer"]
[Result "1-0"]
[WhiteElo "2588"]
[BlackElo "2414"]
[TimeControl "180+1"]
[EndTime "11:06:56 PDT"]
[Termination "AliKa2810 won by checkmate"]

1. d4 Nf6 2. c4 g6 3. Nc3 Bg7 4. e4 d6 5. h3 O-O 6. Be3 e5 7. d5 Qe8 8. g4 a5 9. Nge2 Na6 10. Ng3 c6 11. f3 cxd5 12. cxd5 Bd7 13. h4 b5 14. Qd2 b4 15. Nd1 Bb5 16. h5 Bxf1 17. Kxf1 Nd7 18. Kg2 f6 19. h6 Bh8 20. Nf2 Qf7 21.
Nd3 Rfc8 22. Rhc1 Qe8 23. Rc6 Rxc6 24. dxc6 Nf8 25. Rc1 Ne6 26. Qc2 Nac7 27. Qc4 Qf7 28. Kf2 Nd8 29. Bb6 Qxc4 30. Rxc4 Nde6 31. a3 d5 32.
exd5 Nxd5 33. Bc5 Kf7 34. axb4 axb4 35. Bxb4 Rb8 36. Ba3 Ke8 37. Ne4 Rb3 38. Ndc5 Nxc5 39. Nxc5 Rb6 40. Ne6 Kf7 41. c7 Nxc7 42. Nxc7 Rb3 43.
Nd5 f5 44. gxf5 gxf5 45. Rc7+ Kg6 46. Rc6+ Kg5 47. Rc8 Bf6 48. Rg8+ Kh4 49. Nxf6 e4 50. fxe4 f4 51. Rg4+ Kh3 52. Rxf4 Kh2 53. Rh4+ Rh3 54. Ng4+ Kh1 55. Rxh3# 1-0

[Event "*** SCC Grand Prix: Titled Tuesday Blitz"]
[Site "Chess.com"]
[Date "2020.07.07"]
[Round "6"]
[White "isainz"]
[Black "alexsergeyev"]
[Result "0-1"]
[WhiteElo "2151"]
[BlackElo "2349"]
[TimeControl "180+1"]
[EndTime "11:06:56 PDT"]
[Termination "alexsergeyev won by resignation"]

1. e4 e5 2. Nf3 Nf6 3. Nxe5 d6 4. Nd3 Nxe4 5. Qe2 Qe7 6. Nf4 Nf6 7. Nc3 c6 8. d4 Bf5 9. Be3 Nbd7 10. O-O-O d5 11. f3 O-O-O 12. g4 Re8 13. Bd2 Qxe2 14. Bxe2 Be6 15. Nxe6 fxe6 16. Bd3 Bd6 17. g5 Nh5 18. Ne2 Ref8 19. Rdf1 e5 20. dxe5 Nxe5 21. f4 Nxd3+ 22. cxd3 g6 23. h4 Rf7 24. f5 gxf5 25. Nd4 f4 26.
Rf3 Be5 27. Ne6 Kd7 28. Nc5+ Kd6 29. Nb3 c5 30. Re1 Rhf8 31. Bc3 d4 32. Bd2 b6 33. a4 Kd5 34. a5 Bd6 35. axb6 axb6 36. Kc2 Ng3 37.
Nc1 Nf5 38. b4 Ne3+ 39. Bxe3 fxe3 40. Rxf7 Rxf7 41. bxc5 bxc5 42. Ne2 Rf2 43. Kd1 c4 44. dxc4+ Ke4 45. Ng3+ Bxg3 0-1

[Event "*** SCC Grand Prix: Titled Tuesday Blitz"]
[Site "Chess.com"]
[Date "2020.07.07"]
[Round "6"]
[White "kirillshevchenko"]
[Black "GigaQuparadze"]
[Result "1-0"]
[WhiteElo "2960"]
[BlackElo "2883"]
[TimeControl "180+1"]
[EndTime "11:06:57 PDT"]
[Termination "kirillshevchenko won by resignation"]

1. e4 c5 2. Nf3 e6 3. d4 cxd4 4. Nxd4 a6 5. Bd3 Nf6 6. O-O Qc7 7. Qe2 d6 8. c4 g6 9. Nc3 Bg7 10. Nf3 O-O 11. Rd1 Nc6 12. Bf4 Nh5 13. Bg5 Bxc3 14.
bxc3 f6 15. Bh6 Ng7 16. c5 dxc5 17. e5 Nxe5 18. Nxe5 Qxe5 19. Qxe5 fxe5 20. Be4 Ra7 21. a4 b6 22. Rd6 Raf7 23. Rad1 b5 24. a5 Rxf2 25. Bf3 Ra2 26. Rd8 Rxa5 27. Rxf8+ Kxf8 28. Rd8+ Kf7 29. Rxc8 Nf5 30. Bg5 h6 31. Rc7+ Kg8 32.
Bf6 b4 33. Bxe5 b3 34. c4 Nd4 35. Rb7 Nxf3+ 36. gxf3 Ra4 37. Rxb3 Rxc4 38. Ra3 g5 39. Rxa6 Kf7 40. Kg2 Kg6 41. Rxe6+ Kf5 42. Re7 Rc2+ 43.
Kg3 Re2 44. Bd6 Rxe7 45. Bxe7 c4 46. Bb4 h5 47. Bd2 Kg6 48. f4 gxf4+ 49. Kxf4 Kf6 50. h4 Kg6 51. Ke5 Kf7 52. Kf5 Kg7 1-0

[Event "*** SCC Grand Prix: Titled Tuesday Blitz"]
[Site "Chess.com"]
[Date "2020.07.07"]
[Round "6"]
[White "GEKKESPONS"]
[Black "ega2006"]
[Result "1-0"]
[WhiteElo "2543"]
[BlackElo "2351"]
[TimeControl "180+1"]
[EndTime "11:06:58 PDT"]
[Termination "GEKKESPONS won by checkmate"]

1. d4 Nf6 2. Nf3 c5 3. d5 e6 4. Nc3 b5 5. dxe6 fxe6 6. Nxb5 d5 7. e3 Be7 8. Be2 O-O 9. O-O Bb7 10. c4 a6 11. Nc3 Nc6 12. cxd5 exd5 13. b3 Kh8 14.
Bb2 Qd6 15. h3 Rad8 16. Rc1 d4 17. exd4 cxd4 18. Na4 d3 19. Ng5 dxe2 20. Qxe2 Qd2 21. Qxd2 Rxd2 22. Rfe1 Nd5 23. Ne4 Rd3 24. Nac5 Bxc5 25.
Nxc5 Rd2 26. Nxb7 Ncb4 27. Bc3 Nxc3 28. Rxc3 Rdxf2 29. Rg3 h6 30. Nc5 Rxa2 31. Re7 Rg8 32. Ne6 Nc6 33. Rc7 Na5 34. Nxg7 Nxb3 35. Kh2 Nd2 36.
Nh5 Nf1+ 37. Kg1 Nxg3 38. Nf6 Ne2+ 39. Kh1 Ra1+ 40. Kh2 Rxg2+ 41. Kxg2 Nf4+ 42. Kf3 Rf1+ 43. Ke4 Nd5 44. Rh7# 1-0

[Event "*** SCC Grand Prix: Titled Tuesday Blitz"]
[Site "Chess.com"]
[Date "2020.07.07"]
[Round "6"]
[White "jonychess03"]
[Black "dolynachess"]
[Result "0-1"]
[WhiteElo "2312"]
[BlackElo "2445"]
[TimeControl "180+1"]
[EndTime "11:06:58 PDT"]
[Termination "dolynachess won on time"]

1. c4 Nf6 2. Nc3 c5 3. g3 g6 4.
Bg2 Bg7 5. Nf3 O-O 6. O-O Nc6 7. d4 cxd4 8. Nxd4 Nxd4 9. Qxd4 d6 10. b3 Ne4 11.
Qxe4 Bxc3 12. Bh6 Bxa1 13. Bxf8 Bf6 14. Bh6 a6 15. Qd3 Qc7 16. e4 Rb8 17. Rc1 Bd7 18. Be3 Bc6 19. c5 dxc5 20. Bxc5 Rd8 21. Qc2 Qa5 22. Be3 h5 23. h4 Qa3 24. Bc5 Qa5 25. Be3 Rd7 26. e5 Bxe5 27. Bxc6 Rc7 28. Qe4 Rxc6 29. Rxc6 bxc6 30. Qxc6 Bf6 31. Qe8+ Kg7 32. Qa4 Qxa4 33. bxa4 e5 34. Kf1 Kf8 35. Ke2 Ke7 36. Kd3 Kd6 37. Kc4 Kc6 38. f3 Be7 39.
Kd3 Kd5 40. Bb6 f5 41. Bf2 Bd6 42. Be1 e4+ 43. fxe4+ fxe4+ 44. Ke3 Be5 45. Ke2 Bd4 46. Bd2 Ke5 47. Bf4+ Kf5 48. Bb8 Be5 0-1

[Event "*** SCC Grand Prix: Titled Tuesday Blitz"]
[Site "Chess.com"]
[Date "2020.07.07"]
[Round "6"]
[White "124chess"]
[Black "mishanick"]
[Result "0-1"]
[WhiteElo "2695"]
[BlackElo "2860"]
[TimeControl "180+1"]
[EndTime "11:07:00 PDT"]
[Termination "mishanick won on time"]

1. d4 Nf6 2. c4 e6 3. Nc3 d5 4. cxd5 Nxd5 5. e4 Nxc3 6. bxc3 c5 7. Nf3 cxd4 8. cxd4 Bb4+ 9. Bd2 Bxd2+ 10. Qxd2 O-O 11. Bc4 b6 12. O-O Bb7 13. Rfe1 Nd7 14. Rad1 Rc8 15. Bb3 Re8 16. h3 Nf6 17. d5 exd5 18.
exd5 Rxe1+ 19. Nxe1 Qd6 20. Nc2 Ne4 21. Qb4 Qxb4 22.
Nxb4 Nd6 23. Nc2 Kf8 24. Ne3 g6 25. Ng4 b5 26. Ne3 a5 27. Rb1 Rc3 28. Bd1 b4 29. Bf3 f5 30. h4 Ba6 31. Kh2 Ke7 32. Re1 Kd7 33. h5 Ra3 34. hxg6 hxg6 35. Nc2 Rxa2 36.
Nd4 Bd3 37. Re6 Rc2 38. Rxg6 Rc4 39. Rg7+ Ke8 40. Ne6 b3 41. Bh5+ Nf7 42. Bxf7+ Ke7 43. Bh5+ Kf6 44. Rb7 Rb4 45. Rxb4 axb4 46. d6 Kxe6 0-1